 Dungeon Crawl Stone Soup version 0.18-a0-1643-gb89d9db (webtiles) character file.

3957 Oddball22 the Fighter (level 10, -1/127 HPs)
             Began as a Demonspawn Monk on Mar 28, 2016.
             Was an Initiate of Ru.
             Killed by divine providence
             ... invoked by an orc priest
              (15 damage)
             ... on level 9 of the Dungeon.
             The game lasted 00:20:03 (8783 turns).

Oddball22 the Fighter (Demonspawn Monk)             Turns: 8783, Time: 00:20:04

Health: -1/127     AC: 25    Str: 13    XL:     10   Next: 2%
Magic:  10/10      EV:  2    Int:  6    God:    Ru [......]
Gold:   438        SH:  4    Dex: 23    Spells: 0 memorised, 9 levels left

rFire  x . .     SeeInvis .     O - +2 dagger (drain)
rCold  + . .     Gourm    .     (armour currently unavailable)
rNeg   + + +     Faith    .     (no shield)
rPois  +         Spirit   .     (helmet currently unavailable)
rElec  .         Dismiss  .     (cloak currently unavailable)
rCorr  .         Reflect  +     (gloves currently unavailable)
SustAt .         Harm     .     (boots unavailable)
MR     .....     NoTele   +     I - +4 amulet of reflection
Stlth  ..........               F - -5 ring of intelligence (curse)
                                r - ring of ice

@: agile, tree-form, not resistant to hostile enchantments, extremely unstealthy
A: (talons 0), (slimy green scales 0), powered by pain 1, no stealth
a: Renounce Religion


You were on level 9 of the Dungeon.
You worshipped Ru.
Ru was noncommittal.
You were not hungry.
You were a tree.
You visited 2 branches of the dungeon, and saw 10 of its levels.

You collected 438 gold pieces.

Inventory:

Hand Weapons
 c - a +4 short sword
 w - a +1 short sword of venom
 O - a +2 dagger of draining (weapon)
Missiles
 m - 5 javelins (quivered)
Armour
 a - a +0 robe (melded)
 q - a +2 helmet (melded)
 B - a +0 cloak (melded)
 E - the +0 pair of gloves of the Land of Plenty (melded) {Int-5 Dex+5}
   (You found it on level 5 of the Dungeon)

   It affects your intelligence (-5).
   It affects your dexterity (+5).
 S - a cursed +0 pair of gloves
Jewellery
 r - a ring of ice (left branch)
 y - an uncursed amulet of the gourmand
 F - a cursed -5 ring of intelligence (right branch)
 I - a +4 amulet of reflection (around neck)
Wands
 e - a wand of confusion (21/48)
 u - a wand of lightning (0/15)
 H - a wand of random effects (23/48)
 K - a wand of confusion (20/48)
 P - a wand of polymorph (12/24)
Scrolls
 f - a scroll of recharging {unknown}
 h - a scroll of random uselessness {unknown}
 i - 2 scrolls of identify
 k - 5 scrolls of enchant weapon {unknown}
 l - 2 scrolls of amnesia {unknown}
 p - 2 scrolls of enchant armour {unknown}
 s - a scroll of immolation {unknown}
 x - 6 scrolls of remove curse {unknown}
 z - 2 scrolls of noise {unknown}
 D - 3 scrolls of teleportation {unknown}
 M - a scroll of fog {unknown}
Potions
 j - 3 potions of agility {unknown}
 n - 3 potions of degeneration {unknown}
 o - 3 potions of curing {unknown}
 t - a potion of ambrosia
 v - a potion of magic
 A - a potion of lignification
 C - a potion of berserk rage
 G - 2 potions of might
 J - a potion of flight
 T - a potion of haste
Books
 R - a Young Poisoner's Handbook

   Spells                             Type                      Level
   a - Sting                          Conjuration/Poison           1
   b - Cure Poison                    Poison                       2
   c - Mephitic Cloud                 Conjuration/Poison/Air       3
   d - Olgreb's Toxic Radiance        Poison                       4
   e - Venom Bolt                     Conjuration/Poison           5
Comestibles
 b - 7 bread rations
 d - 2 royal jellies
 g - 2 chunks of flesh
 L - a beef jerky
 N - a meat ration
 Q - a slice of pizza


   Skills:
 * Level 9.9 Fighting
 + Level 5.1 Armour
 + Level 6.5 Dodging
 + Level 7.1 Unarmed Combat


You had 9 spell levels left.
You didn't know any spells.

Dungeon Overview and Level Annotations

Branches:
Dungeon (9/15)             Temple (1/1) D:7            Lair (0/8) D:8
    Orc: D:9-12

Altars:
Ashenzari
Cheibriados
Elyvilon
Gozag
Kikubaaqudgha
Makhleb
Nemelex Xobeh
Okawaru
Pakellas
Qazlal
Ru
Trog
Vehumet
Xom
Yredelemnul
Zin
The Shining One

Annotations:
D:4 Menkaure


Innate Abilities, Weirdness & Mutations

((You have claws for feet.))
((You are partially covered in slimy green scales (AC +2).))
You sometimes gain a little power by taking damage.
You cannot be stealthy.


Message History

You hit the orc priest.
You punch the orc priest, but do no damage.
The orc priest is heavily wounded.
The orc priest hits you with a hand axe.
* * * LOW HITPOINT WARNING * * *
You hit the orc priest but do no damage.
The orc priest is heavily wounded.
The orc priest hits you but does no damage.
You hit the orc priest but do no damage.
You drain the orc priest!
The orc priest is severely wounded.
You barely miss the orc priest.
The orc priest is severely wounded.
The orc priest hits you but does no damage.
You hit the orc priest but do no damage.
You drain the orc priest!
The orc priest is almost dead.
The orc priest mumbles some strange prayers to Beogh against you.
Beogh smites you!
You die...

#..##..%#..#
#..##.O...≈#
#..##....≈≈#
#..##....≈8# ..
#..##....≈≈##.. ...##
#..##.....≈##..
....#...##. #......#
..##..
.......##..####o.....#
#..#..
...##..##...♣onoO....#
#..#.. #.
#..##..##...####.....#
#..#.. #.#
#..##..##...#
#.....###..#.. #.#
#..##..##...#
#..........#.. #.#
#..##<......#
#..(.......#.. #.#
#..##...<...#
#.....###..#.. ..#
#..>........# #.....#
#.....
..###.....####..#
#.....# #.....
#.))......# .# #.....#
#..#..


You could see a two-headed ogre, a necrophage, 2 orc priests and an orc.

Vanquished Creatures
  Prince Ribbit (D:5)
  A spriggan (D:7)
  A wyvern (D:8)
  2 black bears (D:7)
  5 sky beasts
  2 orc warriors
  3 ice beasts
  3 phantoms
  3 ogres
  3 centaurs
  A crocodile (D:8)
  2 giant frogs
  2 scorpions
  2 howler monkeys
  4 crimson imps
  A giant frog skeleton (D:6)
  A giant frog zombie (D:5)
  2 hounds
  2 centaur skeletons (D:7)
  3 orc priests
  2 jellies
  A gnoll shaman (D:7)
  An iguana (D:8)
  8 orc wizards
  7 worker ants
  A hound zombie (D:7)
  2 hound skeletons
  Robin (D:2)
  4 gnolls (D:7)
  8 adders
  2 oozes
  2 worms
  2 dart slugs
  3 giant geckos
  28 orcs
  A ball python (D:7)
  6 giant cockroaches
  13 goblins
  4 hobgoblins
  11 jackals
  3 quokkas
  A ball python skeleton (D:5)
  11 bats
  8 giant newts
  14 kobolds
  9 rats
197 creatures vanquished.

Vanquished Creatures (others)
  3 fungi (D:8)
3 creatures vanquished.

Grand Total: 200 creatures vanquished

Notes
Turn   | Place    | Note
--------------------------------------------------------------
     0 | D:1      | Oddball22 the Demonspawn Monk began the quest for the Orb.
     0 | D:1      | Reached XP level 1. HP: 18/18 MP: 1/1
   234 | D:1      | Gained mutation: You are partially covered in slimy green scales (AC +2). [demonic ancestry]
   234 | D:1      | Reached XP level 2. HP: 17/24 MP: 2/2
   495 | D:1      | You fall through a shaft!
   509 | D:2      | You fall through a shaft for 2 floors!
   687 | D:3      | Gained mutation: You have sharp toenails. [demonic ancestry]
   687 | D:3      | Reached XP level 3. HP: 6/30 MP: 3/3
   873 | D:3      | Found a faded altar to an unknown god.
  1062 | D:2      | Reached skill level 4 in Fighting
  1229 | D:2      | Noticed Robin
  1249 | D:2      | Killed Robin
  1249 | D:2      | Gained mutation: You sometimes gain a little power by taking damage. [demonic ancestry]
  1249 | D:2      | Reached XP level 4. HP: 24/37 MP: 4/4
  2378 | D:3      | Found an oddly glowing altar of Pakellas.
  2542 | D:3      | Gained mutation: You have razor-sharp toenails. [demonic ancestry]
  2542 | D:3      | Reached XP level 5. HP: 33/43 MP: 5/5
  2688 | D:3      | Found a glowing silver altar of Zin.
  2689 | D:3      | Found an opulent altar of Gozag.
  3316 | D:4      | Reached skill level 5 in Fighting
  3333 | D:4      | Found a radiant altar of Vehumet.
  3334 | D:4      | Found a burning altar of Makhleb.
  3781 | D:4      | Noticed Menkaure
  3825 | D:5      | Entered Level 5 of the Dungeon
  3833 | D:5      | Noticed Prince Ribbit
  3850 | D:5      | Killed Prince Ribbit
  3850 | D:5      | Reached skill level 1 in Armour
  3850 | D:5      | Reached XP level 6. HP: 11/52 MP: 6/6
  3903 | D:5      | Noticed a sky beast
  3912 | D:5      | Killed a sky beast
  3912 | D:5      | Reached skill level 6 in Fighting
  3912 | D:5      | Reached XP level 7. HP: 8/58 MP: 7/7
  4074 | D:5      | Got a pair of bloodstained gloves
  4080 | D:5      | Identified the +0 pair of gloves of the Land of Plenty {Int-5 Dex+5} (You found it on level 5 of the Dungeon)
  4272 | D:5      | Reached skill level 5 in Unarmed Combat
  4527 | D:5      | Found a sparkling altar of Nemelex Xobeh.
  4824 | D:5      | Reached XP level 8. HP: 18/65 MP: 8/8
  5171 | D:6      | Reached skill level 7 in Fighting
  5459 | D:6      | Reached skill level 5 in Dodging
  5900 | D:7      | Found a stormy altar of Qazlal.
  6141 | D:7      | Reached skill level 8 in Fighting
  6550 | D:7      | Found a staircase to the Ecumenical Temple.
  6556 | Temple   | Entered the Ecumenical Temple
  6581 | Temple   | Became a worshipper of Ru the Awakened
  6590 | Temple   | Gained mutation: You cannot be stealthy. [Ru sacrifice]
  6603 | D:7      | Gained mutation: You have claws for feet. [demonic ancestry]
  6603 | D:7      | Reached XP level 9. HP: 68/75 MP: 9/9
  7742 | D:8      | Reached skill level 9 in Fighting
  7923 | D:8      | Found a staircase to the Lair.
  8175 | D:8      | Found a snail-covered altar of Cheibriados.
  8175 | D:8      | Found a shimmering altar of Xom.
  8428 | D:9      | Reached skill level 5 in Armour
  8745 | D:9      | Reached XP level 10. HP: 77/85 MP: 10/10
  8783 | D:9      | Killed from afar by an orc priest

Vault maps used:
D:1:      eino_arrival_water_star, roderic_lattice_a
D:2:      first_bread, serial_bayou, serial_bayou_shore_b, serial_bayou_pond_a,
          serial_bayou_shore_b, serial_bayou_pond_b, uniq_robin
D:3:      grunt_temple_overflow_gold_and_silver, ecumenical_altar_1,
          wad_floor_pattern_1, grunt_pakellas_salt
D:4:      grunt_temple_overflow_lords_of_destruction, hangedman_decor_points,
          hangedman_decor_peaks_small, uniq_menkaure
D:5:      lemuel_doored_altar, corexii_corridor_pit, uniq_prince_ribbit1
D:7:      kennysheep_mini, minmay_temple_entry_butterflies, the_bakery
D:8:      gammafunk_temple_overflow_wave, due_lair_maze_entry_diamond,
          serial_glass, glass_columns_a, glass_columns_b
D:9:      moated_statue
Temple:   circular_temple_12

Skill      XL: |  1  2  3  4  5  6  7  8  9 |
---------------+----------------------------+-----
Dodging        | 3 4 5 6 |  6.5
Fighting       | 4 5 6 8 9 |  9.9
Unarmed Combat | 4 5 6 7 |  7.1
Armour         | 1 2 3 5 |  5.1
Stealth        | 0 |  0.0

Action                   |  1- 3 |  4- 6 |  7- 9 | 10-12 || total
-------------------------+-------+-------+-------+-------++-------
Melee: Unarmed           |    64 |       |       |       ||    64
       Short sword       |    64 |   152 |   312 |       ||   528
       Dagger            |       |       |   329 |    20 ||   349
Invok: Sacrifice Stealth |       |       |     1 |       ||     1
Evoke: Wand              |       |     1 |     1 |       ||     2
  Use: Potion            |     1 |       |       |     1 ||     2
       Scroll            |       |     1 |     5 |       ||     6
 Stab: Sleeping          |     4 |     8 |     4 |       ||    16
       Distracted        |       |     1 |     2 |       ||     3
  Eat: Chunk             |     1 |     9 |    17 |       ||    27
